 Dungeon Crawl Stone Soup version 0.28.0-45-g0d030f2227 (webtiles) character file.

Game seed: 14258023054908188215

30 pkoi the Insei (level 2, -2/24 HPs)
             Began as a Demigod Gladiator on Apr 22, 2022.
             Slain by a worm (3 damage)
             ... on level 2 of the Dungeon.
             The game lasted 00:01:11 (1174 turns).

pkoi the Insei (Demigod Gladiator)                  Turns: 1174, Time: 00:01:11

Health: -2/24      AC:  4    Str: 15    XL:     2   Next: 84%
Magic:  4/4        EV: 12    Int: 10    God:
Gold:   39         SH:  0    Dex: 15    Spells: 1/1 levels left

rFire   . . .      SeeInvis .     - Unarmed
rCold   . . .      Faith    .   (no shield)
rNeg    . . .      Spirit   .   a - +0 leather armour
rPois   .          Reflect  .   b - +0 helmet
rElec   .          Harm     .   (no cloak)
rCorr   .          Rampage  .   (no gloves)
Will    .....                   (no boots)
Stlth   +.........              (no amulet)
HPRegen 0.08/turn               (no ring)
MPRegen 0.09/turn               (no ring)

@: no status effects
A: high MP 1, forlorn, divine attributes
a: no special abilities


You were on level 2 of the Dungeon.
You visited 1 branch of the dungeon, and saw 2 of its levels.

You collected 39 gold pieces.

Inventory:

Hand Weapons
 d - a +0 whip
Missiles
 c - 3 throwing nets (quivered)
Armour
 a - a +0 leather armour (worn)
 b - a +0 helmet (worn)
Scrolls
 e - a scroll of torment {unknown}
 f - a scroll of identify {unknown}
 g - a scroll of enchant armour {unknown}
 h - a scroll of fear {unknown}
 i - 3 scrolls of teleportation {unknown}


   Skills:
 - Level 1.7 Fighting
 - Level 1.7 Throwing
 - Level 2.6 Dodging
 + Level 3.8 Unarmed Combat


You had one spell level left.
You didn't know any spells.
Your spell library was empty.

Dungeon Overview and Level Annotations

Branches:
Dungeon (2/15)


Innate Abilities, Weirdness & Mutations

You have an increased reservoir of magic. (+10% MP)
You shall have no god before yourself.
Your divine heritage dramatically boosts your attributes as you level up.


Message History

You are too injured to fight recklessly!
You are too injured to fight recklessly!
You are too injured to fight recklessly!
You are too injured to fight recklessly!
You are too injured to fight recklessly!
A rat is nearby!
You hit the rat.
You kill the rat!
You see here a rat corpse.
You start resting.
HP restored.
A worm comes into view.
A worm is nearby!
The worm bites you!
* * * LOW HITPOINT WARNING * * *
You barely miss the worm. You hit the worm but do no damage.
The worm bites you.
* * * LOW HITPOINT WARNING * * *
You hit the worm. You punch the worm.
The worm is severely wounded.
A ball python comes into view.
The ball python hisses angrily.
You hit the worm.
The worm is almost dead.
The worm closely misses you.
You hit the worm but do no damage.
The worm is severely wounded.
You hit the worm but do no damage.
The worm is severely wounded.
The worm bites you!
* * * LOW HITPOINT WARNING * * *
You barely miss the worm.
The worm is severely wounded.
The worm bites you but does no damage.
You barely miss the worm. You punch the worm.
The worm is severely wounded.
You hit the worm but do no damage.
The worm is severely wounded.
The worm bites you.
You die...

#######.#
#......#
#.###### #.#
##.#######
.........#
##.#####.# #.#
#.##########.#
#.#
#........@wS.#
#.#
###########..#
#.# .# #.# #
#.#


You could see a worm and a ball python.

Vanquished Creatures
  A dart slug (D:1)
  2 ball pythons (D:1)
  3 endoplasms (D:1)
  2 giant cockroaches (D:1)
  A goblin (D:1)
  4 hobgoblins
  3 kobolds (D:1)
  2 quokkas (D:1)
  2 bats
  2 frilled lizards (D:1)
  A rat (D:2)
23 creatures vanquished.

Notes
Turn   | Place    | Note
-------+----------+-------------------------------------------
     0 | D:1      | pkoi the Demigod Gladiator began the quest for the Orb.
     0 | D:1      | Reached XP level 1. HP: 17/17 MP: 3/3
    31 | D:1      | Reached skill level 3 in Unarmed Combat
   227 | D:1      | Reached XP level 2. HP: 24/24 MP: 4/4
  1171 | D:2      | HP: 1/24 [worm (7)]
  1174 | D:2      | Slain by a worm

Illustrated notes

Levels and vault maps discovered:
D:1:      minmay_arrival_doors, layout_loops_ring, chequers_garden
D:2:      layout_loops_ring, ebering_ecumenical_altar_sacrificial, st_stairs_14

Skill      XL: |  1 |
---------------+----+-----
Unarmed Combat | 3 |  3.8
Fighting       | |  1.7
Throwing       | |  1.7
Dodging        | |  2.6

Action                   || total
-------------------------++-------
Melee: Unarmed           ||    92
       Punch             ||     3
 Stab: Sleeping          ||     1
Armor: Leather armour    ||    22
Dodge: Dodged            ||    54
